 Dungeon Crawl Stone Soup version 0.17-a0-1311-gbcbd859 (webtiles) character file.

370 Fluffy the Cudgeler (level 6, -1/37 HPs)
             Began as a Gargoyle Fighter on June 8, 2015.
             Slain by an orc
             ... wielding a +0 flail
              (4 damage)
             ... on level 4 of the Dungeon.
             The game lasted 00:11:44 (3073 turns).

Fluffy the Cudgeler (Gargoyle Fighter)              Turns: 3073, Time: 00:11:45

Health: -1/37      AC: 18    Str: 19    XL:     6   Next: 70%
Magic:  6/6        EV:  3    Int:  9    God:
Gold:   54         SH:  9    Dex: 11    Spells: 0 memorised, 5 levels left

rFire  . . .     SeeInvis .     a - +0 flail
rCold  . . .     Clarity  .     b - +0 plate armour
rNeg   + . .     SustAt   .     c - +0 shield
rPois  ∞         Gourm    .     m - +0 helmet
rElec  +         Spirit   .     (no cloak)
rCorr  .         Warding  .     x - +0 pair of gloves
rMut   .         Stasis   .     (no boots)
MR     .....                    (no amulet)
Stlth  ..........               (no ring)
                                (no ring)

@: not resistant to hostile enchantments, extremely unstealthy
A: negative energy resistance 1, electricity resistance, unbreathing,
petrification resistance, rot immunity, AC +4
a: no special abilities


You were on level 4 of the Dungeon.
You were not hungry.

You visited 1 branch of the dungeon, and saw 4 of its levels.
You also visited: Sewer.

You collected 54 gold pieces.

Inventory:

Hand weapons
 a - a +0 flail (weapon)
Armour
 b - a +0 plate armour (worn)
 c - a +0 shield (worn)
 m - a +0 helmet (worn)
 x - a +0 pair of gloves (worn)
Magical devices
 n - a wand of random effects (21)
Scrolls
 f - a scroll of remove curse {unknown}
 g - a scroll of random uselessness {unknown}
 i - 2 scrolls of identify {unknown}
 j - a scroll of amnesia {unknown}
 l - a scroll of noise {unknown}
 p - a scroll of enchant armour {unknown}
 q - a scroll of enchant weapon {unknown}
 v - 2 scrolls of teleportation {unknown}
Potions
 d - 3 potions of might
 k - 4 potions of magic {unknown}
 o - a potion of flight {unknown}
 r - a potion of haste {unknown}
 s - a potion of heal wounds {unknown}
 t - a potion of curing {unknown}
Comestibles
 e - 3 bread rations
 h - 2 meat rations
 w - a beef jerky
 z - a slice of pizza


   Skills:
 - Level 3.2 Fighting
 + Level 6.9 Maces & Flails
 - Level 3.2 Armour
 - Level 3.2 Shields


You had 5 spell levels left.
You didn't know any spells.

Dungeon Overview and Level Annotations

Branches:
Dungeon (4/15)
 Temple: D:4-7

Altars:
Vehumet
Xom


Innate Abilities, Weirdness & Mutations

You are resistant to torment.
Your stone body is resilient (AC +4).
You are immune to poison.
You resist negative energy.
You are resistant to electric shocks.
You can survive without breathing.
You are immune to petrification.
You are immune to rotting.


Message History

You sock the hound!
You kill the hound!
The giant gecko bites you.
* * * LOW HITPOINT WARNING * * *
Your shield and plate armour prevent you from hitting the giant gecko.
The giant gecko is heavily wounded.
The giant gecko bites you but does no damage.
You hit the giant gecko.
The giant gecko is severely wounded.
You block the giant gecko's attack.
You hit the giant gecko.
You kill the giant gecko!
You closely miss the orc. You hit the orc.
The orc is moderately wounded.
The orc hits you with a flail.
* * * LOW HITPOINT WARNING * * *
The orc hits you but does no damage. The orc hits you with a flail.
You die...

##...#....###.o.#....##...
#....#..#..............##.
####....##..............#
##....##..o.o.........
##..####o.#..........
###.##.l####...#...>
#...o### #..###...
#####.o.####.(.## #..
#..#.#.@..#.....##
#.#..............#
###..............##
#...............#
###.####...........
#...###..#.........
###.#..####........ ##..##
#........ ##...# #........


You could see 2 orcs.

Vanquished Creatures
  An ogre (D:3)
  A hound (D:4)
  A hound zombie (D:3)
  6 gnolls (D:2)
  10 adders
  An ooze (D:1)
  A worm (D:2)
  3 giant geckos
  5 orcs (D:3)
  4 ball pythons (Sewer)
  6 bats
  A giant cockroach (D:1)
  7 hobgoblins
  10 jackals
  9 giant newts
  6 goblins
  7 kobolds
  4 quokkas
  6 rats
89 creatures vanquished.

Notes
Turn   | Place    | Note
--------------------------------------------------------------
     0 | D:1      | Fluffy the Gargoyle Fighter began the quest for the Orb.
     0 | D:1      | Reached XP level 1. HP: 14/14 MP: 1/1
   146 | D:1      | Reached XP level 2. HP: 6/19 MP: 2/2
   662 | D:1      | Reached XP level 3. HP: 18/23 MP: 3/3
   826 | D:2      | Reached skill level 4 in Maces & Flails
   868 | D:2      | Reached XP level 4. HP: 23/28 MP: 4/4
   888 | D:2      | Found a shimmering altar of Xom.
  1022 | D:2      | Reached skill level 5 in Maces & Flails
  1022 | D:2      | Reached XP level 5. HP: 17/32 MP: 5/5
  1314 | D:2      | Found a radiant altar of Vehumet.
  1684 | D:3      | Noticed an ogre
  1703 | D:3      | HP: 1/32 [ogre/giant club (16)]
  1723 | D:3      | Killed an ogre
  1723 | D:3      | Reached skill level 6 in Maces & Flails
  1723 | D:3      | Reached XP level 6. HP: 3/37 MP: 6/6
  2116 | D:3      | Found a glowing drain.
  2123 | Sewer    | Entered a sewer
  3073 | D:4      | Slain by an orc

Vault maps used:
D:1:      dpeg_arrival_connections
D:2:      nicolae_overflow_hidden_temple, tgw_xom
D:3:      lightli_sewer_entry_pipes, grunt_ministairs_1
D:4:      makhleb_heckhound_becter, cheibriados_altar_1, serial_shops,
          kennysheep_mini_moat
Sewer:    sewer_co_cracked_pipes

Action                   |  1- 3 |  4- 6 || total
-------------------------+-------+-------++-------
Melee: Flail             |   105 |   320 ||   425
Evoke: Wand              |       |     2 ||     2
  Eat: Chunk             |     1 |     8 ||     9
